 Dungeon Crawl Stone Soup version 0.28.0-45-g0d030f2227 (webtiles) character file.

Game seed: 9227028624637387586

568 101zpm the Magician (level 7, -7/46 HPs)
             Began as a Djinni Ice Elementalist on Apr 12, 2022.
             Mangled by a gnoll shaman
             ... wielding a +0 club
              (12 damage)
             ... on level 5 of the Dungeon.
             The game lasted 00:12:07 (5413 turns).

101zpm the Magician (Djinni Ice Elementalist)       Turns: 5413, Time: 00:12:07

Health: -7/46      AC:  4    Str:  7    XL:     7   Next: 59%
Gold:   111        EV: 12    Int: 18    God:
                   SH:  0    Dex: 14

rFire   + + .      SeeInvis .   n - +2 short sword (flame)
rCold   x . .      Faith    .   (no shield)
rNeg    . . .      Spirit   .   a - +0 robe
rPois   ∞          Reflect  .   (no helmet)
rElec   .          Harm     .   (no cloak)
rCorr   .          Rampage  .   j - +1 pair of gloves
Will    .....                   (boots unavailable)
Stlth   ++........              (no amulet)
HPRegen 0.15/turn               e - ring of wizardry
MPRegen 0.00/turn               (no ring)

@: flying
A: sickness immunity, fire resistance 2, cold vulnerability 1, float, innate
caster, HP casting, extra vitality 1
a: no special abilities


You were on level 5 of the Dungeon.
You visited 1 branch of the dungeon, and saw 5 of its levels.
You also visited: Sewer.

You collected 131 gold pieces.
You spent 20 gold pieces at shops.

Inventory:

Hand Weapons
 n - a +2 short sword of flaming (weapon)
 u - a +1 dagger of protection
Missiles
 o - 31 stones
Armour
 a - a +0 robe (worn)
 j - a +1 pair of gloves (worn)
Jewellery
 e - a ring of wizardry (left hand)
Scrolls
 c - a scroll of magic mapping {unknown}
 f - a scroll of enchant armour {unknown}
 g - 2 scrolls of blinking
 i - 2 scrolls of immolation {unknown}
 m - 2 scrolls of noise
 p - a scroll of teleportation {unknown}
 s - a scroll of silence {unknown}
Potions
 b - 2 potions of mutation
 h - a potion of degeneration {unknown}
 k - a potion of brilliance {unknown}
 l - a potion of invisibility {unknown}
 q - 2 potions of magic
 r - 3 potions of resistance {unknown}
 t - a potion of haste {unknown}


   Skills:
 + Level 0.4 Fighting
 + Level 2.8 Dodging
 + Level 2.9 Stealth
 + Level 6.2 Spellcasting


You had one spell level left.
You knew the following spells:

 Your Spells              Type           Power      Damage    Failure   Level
a - Freeze                Ice            100%       1d11      1%          1
b - Frozen Ramparts       Ice            54%        1d7       1%          3
c - Ozocubu's Armour      Ice            27%        N/A       1%          3
d - Hailstorm             Conj/Ice       27%        3d7       3%          4
e - Slow                  Hex            100%       N/A       1%          1
f - Scorch                Fire           54%        2d8       1%          2
g - Lesser Beckoning      Tloc           27%        N/A       1%          3
Your spell library was empty.

Dungeon Overview and Level Annotations

Branches:
Dungeon (5/15)              Sewer (visited)
 Temple: D:4-7

Altars:
Elyvilon
Kikubaaqudgha
Makhleb
Yredelemnul

Shops:
D:3 *

Annotations:
D:4 1 transporter


Innate Abilities, Weirdness & Mutations

You are immune to sickness and miasma.
You are immune to poison.
Your flesh is very heat resistant. (rF++)
You are vulnerable to cold. (rC-)
You float through the air rather than walking.
You learn spells naturally, not from books.
Your magical power is your life essence.
You have superior vitality. (+4 MHP)


Message History

A hound skeleton is nearby!
A hound skeleton is nearby!
A gnoll shaman comes into view. It is wielding a +0 club.
There is a stone staircase leading down here.
Casting: Scorch (safe; 1% risk of failure)
Confirm with . or Enter, or press ? or * to list all spells.
Flames lash the gnoll shaman.
The gnoll shaman is heavily wounded.
The gnoll shaman's fire resistance burns away.
You hear a shout!
Casting: Scorch (safe; 1% risk of failure)
Confirm with . or Enter, or press ? or * to list all spells.
Flames lash the gnoll shaman but do no damage.
Casting: Scorch (safe; 1% risk of failure)
Confirm with . or Enter, or press ? or * to list all spells.
Flames lash the gnoll shaman but do no damage.
The gnoll shaman misses you.
Casting: Scorch (safe; 1% risk of failure)
Confirm with . or Enter, or press ? or * to list all spells.
Flames lash the gnoll.
The gnoll is heavily wounded.
The gnoll's fire resistance burns away.
The gnoll shaman hits you but does no damage.
A gnoll comes into view. It is wielding a +0 halberd.
Casting: Scorch (safe; 1% risk of failure)
Confirm with . or Enter, or press ? or * to list all spells.
Flames lash the hound skeleton.
The hound skeleton is moderately damaged.
The hound skeleton's fire resistance burns away.
* * * LOW HITPOINT WARNING * * *
The gnoll shaman barely misses you. The gnoll barely misses you.
The gnoll shaman is no longer more vulnerable to fire.
The gnoll shaman hits you with a +0 club!
* * * LOW HITPOINT WARNING * * *
The gnoll closely misses you. The hound skeleton closely misses you.
You fly downwards.
Found 10 gold pieces.
There is a stone staircase leading up here.
The gnoll shaman hits you with a +0 club!
You die...

### ###...
###....#
##....n# #####
......#
......#.Z...#
#.....@....#KKK
######g<..$..KK
#.........
#..........
....W.......
#.........##.
.............
.#...........#.
.............


You could see a phantom (dormant), a kobold brigand (asleep), a necrophage, a
gnoll shaman and a scorpion zombie (dormant).

Vanquished Creatures
  Grinder (D:3)
  An ogre (D:4)
  Terence (D:3)
  A hound skeleton (D:4)
  Robin (D:3)
  5 adders
  11 river rats (Sewer)
  2 dart slugs
  An orc (D:4)
  7 endoplasms
  6 giant cockroaches
  16 goblins
  3 hobgoblins
  2 quokkas
  6 ball pythons
  5 bats (D:1)
  3 frilled lizards
  20 kobolds
  22 rats
114 creatures vanquished.

Notes
Turn   | Place    | Note
-------+----------+-------------------------------------------
     0 | D:1      | 101zpm the Djinni Ice Elementalist began the quest for the
                  | Orb.
     0 | D:1      | Reached XP level 1. HP: 15/15 MP: 0/0
   164 | D:2      | Reached XP level 2. HP: 18/21 MP: 0/0
  1065 | D:1      | Reached XP level 3. HP: 24/25 MP: 0/0
  1065 | D:1      | Learned a level 1 spell: Slow
  1265 | D:1      | Noticed a shining eye
  1270 | D:1      | Found a faded altar of an unknown god.
  1272 | D:1      | Noticed a great orb of eyes
  1272 | D:1      | Noticed a floating eye
  1272 | D:1      | Noticed a golden eye
  1457 | D:1      | Reached skill level 4 in Spellcasting
  1859 | D:3      | Found a glowing drain.
  1867 | D:3      | Reached XP level 4. HP: 26/31 MP: 0/0
  1874 | Sewer    | Entered a sewer
  2913 | Sewer    | Reached XP level 5. HP: 15/35 MP: 0/0
  2913 | Sewer    | Learned a level 2 spell: Scorch
  3706 | Sewer    | Reached skill level 5 in Spellcasting
  3706 | Sewer    | Reached XP level 6. HP: 36/40 MP: 0/0
  3923 | D:3      | Found a white marble altar of Elyvilon.
  4194 | D:3      | Noticed Robin
  4197 | D:3      | Noticed Grinder
  4202 | D:3      | Killed Robin
  4208 | D:3      | Killed Grinder
  4209 | D:3      | Reached XP level 7. HP: 17/45 MP: 0/0
  4209 | D:3      | Learned a level 3 spell: Lesser Beckoning
  4642 | D:3      | Found Gililuf's General Store.
  4658 | D:3      | Bought a scroll of identify for 20 gold pieces
  4738 | D:3      | Noticed Terence
  4746 | D:3      | Killed Terence
  4910 | D:3      | Found a faded altar of an unknown god.
  4918 | D:3      | Found a faded altar of an unknown god.
  4920 | D:3      | Found a burning altar of Makhleb.
  4922 | D:3      | Found a basalt altar of Yredelemnul.
  5255 | D:4      | Found a transporter.
  5296 | D:4      | Identified the +4 short sword of Bemoiroq {freeze, rC+}
  5397 | D:4      | Reached skill level 6 in Spellcasting
  5412 | D:5      | Entered Level 5 of the Dungeon
  5413 | D:5      | Mangled by a gnoll shaman

Illustrated notes

Levels and vault maps discovered:
D:1:      lemuel_arrival_hallway, layout_basic,
          hellmonk_ecumenical_altar_watching_god
D:2:      layout_loops_ring
D:3:      layout_basic, chequers_temple_overflow_minitemple,
          mainiacjoe_overflow_boulevard, portal_sewer_entry_b, serial_shops,
          nicolae_shop_hallway_plus, uniq_terence, uniq_robin, uniq_grinder
D:4:      layout_cave_pools, gammafunk_ghost_stat_death
D:5:      layout_rooms, nicolae_overflow_crystal_walls,
          minmay_temple_entry_proselytizer, uniq_duvessa, uniq_edmund

Skill      XL: |  1  2  3  4  5  6  7 |
---------------+----------------------+-----
Spellcasting   | 4 5 6 |  6.2
Stealth        | 2 |  2.9
Fighting       | |  0.4
Dodging        | |  2.8

Action                   |  1- 3 |  4- 6 |  7- 9 || total
-------------------------+-------+-------+-------++-------
Melee: Unarmed           |     2 |       |       ||     2
 Cast: Freeze            |    33 |    10 |    29 ||    72
       Frozen Ramparts   |     2 |    20 |     1 ||    23
       Scorch            |       |     5 |    13 ||    18
  Use: Scroll            |       |       |     4 ||     4
Armor: Robe              |     7 |     4 |     3 ||    14
Dodge: Dodged            |    20 |    17 |    24 ||    61
